 Dungeon Crawl Stone Soup version 0.21.1-1-g345015fe64 (webtiles) character file.

25 Htamos the Conjurer (level 2, -1/20 HPs)
             Began as a Demigod Conjurer on July 12, 2018.
             Slain by Terence
             ... wielding a cursed +0 hand axe
              (4 damage)
             ... on level 1 of the Dungeon.
             The game lasted 00:03:57 (1639 turns).

Htamos the Conjurer (Demigod Conjurer)              Turns: 1639, Time: 00:03:57

Health: -1/20      AC:  2    Str: 11    XL:     2   Next: 66%
Magic:  5/7        EV: 12    Int: 19    God:
Gold:   51         SH:  2    Dex: 16    Spells: 3/4 levels left

rFire    . . .     SeeInvis .   d - +0 short sword
rCold    . . .     Gourm    .   (no shield)
rNeg     . . .     Faith    .   a - +0 robe
rPois    +         Spirit   .   (no helmet)
rElec    .         Reflect  +   (no cloak)
rCorr    .         Harm     .   (no gloves)
MR       .....                  (no boots)
Stlth    ++........             n - +2 amulet of reflection
HPRegen  0.06/turn              i - ring of poison resistance
MPRegen  0.10/turn              (no ring)

@: no status effects
A: high mp 1
a: no special abilities


You were on level 1 of the Dungeon.
You were near starving.

You visited 1 branch of the dungeon, and saw 2 of its levels.

You collected 51 gold pieces.

Inventory:

Hand Weapons
 d - a +0 short sword (weapon)
 f - a cursed -3 dagger
Missiles
 k - 27 stones (quivered)
 m - 15 arrows
Armour
 a - a +0 robe (worn)
 p - a +0 ring mail
 r - a -1 robe
Jewellery
 i - a ring of poison resistance (left hand)
 n - a +2 amulet of reflection (around neck)
Scrolls
 g - a scroll of remove curse
 h - a scroll of immolation
 q - a scroll of enchant weapon {unknown}
Potions
 e - 2 potions of curing {unknown}
 l - 3 potions of haste {unknown}
Books
 b - a book of Conjurations

   Spells                             Type                      Level
   a - Magic Dart                     Conjuration                  1
   b - Searing Ray                    Conjuration                  2
   c - Dazzling Spray                 Conjuration/Hexes            3
   d - Fulminant Prism                Conjuration/Hexes            4
   e - Force Lance                    Conjuration/Translocation    4
   f - Iskenderun's Mystic Blast      Conjuration                  4
Comestibles
 c - 2 rations


   Skills:
 - Level 1.7 Dodging
 - Level 1.7 Stealth
 - Level 1.7 Spellcasting
 * Level 4.5 Conjurations


You had 3 spell levels left.
You knew the following spells:

 Your Spells              Type           Power        Failure   Level  Hunger
a - Magic Dart            Conj           ###.         2%          1    #......


Dungeon Overview and Level Annotations

Branches:
Dungeon (2/15)

Annotations:
D:1 Terence
D:2 Jessica


Innate Abilities, Weirdness & Mutations

You have an increased reservoir of magic. (+10% MP)


Message History

A mysterious force pulls you upwards. The hatch slams shut behind you.
Terence screams, "I want your blood!" Terence closely misses you.
Casting: Magic Dart
Confirm with . or Enter, or press ? or * to list all spells.
Aiming: Magic Dart
Press: ? - help, Shift-Dir - straight line, f - Terence
Aim: Terence, wielding a hand axe and wearing a runed scale mail (moderately wounded)
The magic dart hits Terence.
Terence is heavily wounded.
Terence misses you.
Casting: Magic Dart
Confirm with . or Enter, or press ? or * to list all spells.
Aiming: Magic Dart
Press: ? - help, Shift-Dir - straight line, f/p - Terence
Aim: Terence, wielding a hand axe and wearing a runed scale mail (heavily wounded)
The magic dart hits Terence.
Terence is heavily wounded.
Terence hits you with a hand axe.
You die...

#...##.#.#.##...##.....#.......##
#....#.#.#.#....######.#.#####...
#......#.#......# #.#.########
#......#.#......# #.#.........
##.....#.#.....#######.##########
#.#...........#.#...........# #..
#..#.........#..#.#########.# #.#
########.########.# #.# #.#
#.......@@.# #.# #.# ############
#.# #.. #.# ### #.# #.# #.#
#.##### #...... #######


You could see Terence.

Vanquished Creatures
  An adder (D:2)
  An orc (D:2)
  A giant cockroach (D:1)
  2 goblins (D:1)
  3 hobgoblins (D:1)
  A kobold (D:1)
  2 bats (D:1)
  3 frilled lizards (D:1)
  2 rats (D:1)
16 creatures vanquished.

Notes
Turn   | Place    | Note
-------+----------+-------------------------------------------
     0 | D:1      | Htamos the Demigod Conjurer began the quest for the Orb.
     0 | D:1      | Reached XP level 1. HP: 14/14 MP: 5/5
   208 | D:1      | Reached skill level 4 in Conjurations
   373 | D:1      | Reached XP level 2. HP: 9/20 MP: 1/7
  1223 | D:2      | Noticed Jessica
  1603 | D:2      | Noticed Terence
  1639 | D:1      | Slain by Terence

Skill      XL: |  1 |
---------------+----+-----
Conjurations   | 4 |  4.5
Dodging        | |  1.7
Stealth        | |  1.7
Spellcasting   | |  1.7

Action                   || total
-------------------------++-------
Melee: Short sword       ||    22
 Cast: Magic Dart        ||    36
  Use: Scroll            ||     4
  Eat: Chunk             ||     1
Armor: Robe              ||     6
Dodge: Dodged            ||    13
Block: Other             ||     2
